Unix NetHack Version 3.7.0-94 Work-in-progress - last build Dec 13 2023 12:42:30 (eb5afe49d650b6f5c6196fad733e3b2b9fb6c025,branch:master). Game began 2023-12-13 12:58:27, ended 2023-12-13 18:33:30. ultra, lawful female dwarven Valkyrie ------ --------- |..|.-- |.*.....0 |.....| |.------- --...-- ----|.| --...|----..||.| - |....--.|...||.|.| ------...........||.#.| --..........%...|.||.|.| |...--..---...--|.--.| | |..--|..| |...| |..[.| |.-- |..------- ----.| |.-- --a.| |.| |..| |@f- |.| --.| -.<.- |.| |.-- ... |.| |..| ... |%| --.| |.| ----- --.| |.| ... |..| |.-----------#--- |..| |..............%0 ---- ----------------- Ultra the Skirmisher St:17 Dx:12 Co:20 In:9 Wi:10 Ch:8 Lawful S:991 Dlvl:8 $:57 HP:0(51) Pw:5(5) AC:-1 Xp:4/146 T:3927 Burdened Latest messages: The kobold mummy is destroyed! The large cat picks up a kobold corpse. The large cat drops a kobold corpse. You swap places with your large cat. You stop. Your large cat is in the way! You swap places with your large cat. You hit the floating eye. You are frozen by the floating eye's gaze! The large cat bites the floating eye. The large cat bites the floating eye. The large cat is frozen by the floating eye's gaze! The giant ant bites! The giant ant just misses! The giant ant bites! The giant ant bites! The giant ant bites! The giant ant bites! The giant ant bites! The giant ant bites! The giant ant bites! The giant ant bites! The giant ant bites! The giant ant bites! The giant ant bites! The giant ant bites! The giant ant bites! The giant ant bites! The giant ant bites! The giant ant bites! The giant ant bites! The floating eye escapes upstairs! The giant ant bites! The giant ant misses! The giant ant bites! The giant ant bites! The giant ant bites! The giant ant bites! The giant ant misses! The giant ant bites! The giant ant bites! The giant ant bites! The giant ant bites! The giant ant bites! The giant ant bites! The giant ant bites! The giant ant bites! You die... Do you want your possessions identified? [ynq] (y) Do you want to see your attributes? [ynq] (y) Do you want an account of creatures vanquished? [ynaq] (y) Inventory: Coins $ - 57 gold pieces Weapons L - 13 +0 darts a - a +1 dwarvish spear (weapon in right hand) i - a blessed rusty +0 orcish dagger Armor y - an uncursed +0 orcish helm (being worn) c - an uncursed +3 small shield (being worn) I - an uncursed +0 splint mail (being worn) Scrolls f - a cursed scroll of charging named cursed F - a blessed scroll of identify B - an uncursed scroll of identify e - a blessed scroll of light h - 2 uncursed scrolls of light n - an uncursed scroll of magic mapping z - a cursed scroll of teleportation Spellbooks x - an uncursed spellbook of cause fear t - an uncursed spellbook of protection k - an uncursed spellbook of sleep N - an uncursed spellbook of teleport away Potions K - a cursed potion of acid C - a cursed potion of gain ability o - an uncursed potion of gain energy m - a blessed potion of healing l - 2 uncursed potions of healing s - a cursed potion of healing named cursed d - an uncursed potion of polymorph E - an uncursed potion of sleeping Wands u - a wand of cold (0:4) Tools G - an empty uncursed sack w - an uncursed brass lantern (lit) p - an uncursed leash (attached to the large cat) r - an uncursed skeleton key J - an uncursed tallow candle Gems/Stones v - 2 uncursed worthless pieces of blue glass Ultra the Valkyrie's attributes: Background: You were a Skirmisher, a level 4 dwarven Valkyrie. You were lawful, on a mission for Tyr who was opposed by Odin (neutral) and Loki (chaotic). You were right-handed. You were in the Gnomish Mines, on level 8. You entered the dungeon 3927 turns ago. There was a new moon in effect when your adventure ended. You had 146 experience points, 14 more were needed to attain level 5. Your score was 991 before end-of-game adjustments. Basics: You had 0 out of 51 hit points. You had all 5 energy points (spell power). Your armor class was -1. Your wallet contained 57 zorkmids. Autopickup was on for '$' plus thrown. Final Characteristics: Your strength was 17 (limit:18/100). Your dexterity was 12 (limit:20). Your constitution was 20 (limit:20). Your intelligence was 9 (limit:16). Your wisdom was 10 (limit:16). Your charisma was 8 (limit:16). Final Status: You weren't hungry. You were burdened; movement was slightly slowed. You were wielding a spear. You had basic skill with spear. Final Attributes: You were piously aligned. You were cold resistant. You had infravision. You were stealthy. You were warded. You are dead. Miscellaneous: You never encountered a bones level. Total elapsed playing time was 1 hour, 3 minutes and 47 seconds. Major events: Turn 1: ultra the lawful dwarven Valkyrie entered the dungeon 1975: attained the rank of Skirmisher (level 3) 2715: entered the Gnomish Mines 3628: reached Mine Town 3927: killed by a giant ant, while frozen by a floating eye's gaze Vanquished creatures: 2 rock moles a fog cloud a violet fungus 3 gnome leaders a kobold mummy a straw golem 2 giant ants a kitten 2 homunculi a werejackal 4 iguanas a gas spore a hobbit 3 hobgoblins 2 giant rats a yellow mold 12 gnomes 4 garter snakes 4 geckos 11 jackals 2 foxes a kobold 2 goblins 3 sewer rats 9 grid bugs a bat 3 lichens a kobold zombie 9 newts 89 creatures vanquished. No species were genocided or became extinct. Voluntary challenges: You read items or engraved 1 time. You engraved Elbereth 1 time. You never genocided any monsters. You never polymorphed an object. You never changed form. You used no wishes. Achievements: You attained the rank of Skirmisher. You entered the Gnomish Mines. You entered Minetown. The Dungeons of Doom: levels 1 to 5 Level 1: A sink. Level 2: Level 3: Some fountains. Level 4: An altar, many fountains. Stairs down to The Gnomish Mines. Level 5: The Gnomish Mines: levels 5 to 8 Level 5: Level 6: Level 7: Level 8: <- You were here. Final resting place for you, killed by a giant ant, while frozen by a floating eye's gaze. Game over: ---------- / \ / REST \ / IN \ / PEACE \ / \ | ultra | | 57 Au | | killed by a | | giant ant | | | | | | 2023 | *| * * * | * _________)/\\_//(\/(/\)/\//\/|_)_______ Farvel ultra the Valkyrie... You died in The Gnomish Mines on dungeon level 8 with 986 points, and 57 pieces of gold, after 3927 moves. You were level 4 with a maximum of 51 hit points when you died.